 Dungeon Crawl Stone Soup version 0.28-a0-657-g71136c5590 (webtiles) character file.

Game seed: 11205505980383351283

70333 flotson the Fighter (level 14, -19/109 (113) HPs)
             Began as a Demonspawn Delver on Oct 13, 2021.
             Was an Initiate of Gozag.
             Demolished by Fannar (21 damage)
             ... while paralysed by an orc sorcerer
             ... on level 1 of the Orcish Mines.
             The game lasted 00:42:07 (19634 turns).

flotson the Fighter (Demonspawn Delver)            Turns: 19634, Time: 00:42:10

HP:   -19/109 (113) AC: 23    Str: 17    XL:     14   Next: 93%
MP:   14/14         EV:  2    Int: 13    God:    Gozag
Gold: 4585          SH:  0    Dex: 17    Spells: 13/13 levels left

rFire   + + .      SeeInvis .   a - +10 broad axe "Xoucs" {vorpal, Dex+3}
rCold   x . .      Faith    .   E - +10 tower shield of Ignorance {rN+ Int-4}
rNeg    + . .      Spirit   .   D - +0 fire dragon scales
rPois   .          Reflect  .   (helmet unavailable)
rElec   .          Harm     .   V - scarf {shadows}
rCorr   .          Rampage  .   (no gloves)
Will    +....                   f - +2 pair of boots
Stlth   +.........              B - amulet of regeneration
HPRegen 1.28/turn               k - +4 ring of protection
MPRegen 0.14/turn               q - +4 ring of protection

@: paralysed, lightly drained
A: horns 3, ignite blood 1, spiny 1, augmentation 1, big brain 2
a: Renounce Religion, Potion Petition, Call Merchant, Bribe Branch


You were on level 1 of the Orcish Mines.
You worshipped Gozag.
Gozag was most pleased with you.
You visited 4 branches of the dungeon, and saw 19 of its levels.
You also visited: Sewer.

You collected 6086 gold pieces.
You spent 1407 gold pieces at shops.
You paid 94 gold pieces to Gozag.

Inventory:

Hand Weapons
 a - the +10 broad axe "Xoucs" (weapon) {vorpal, Dex+3}
   (You acquired it on level 5 of the Lair of Beasts)

   It inflicts extra damage upon your enemies.
   Dex:       It affects your dexterity (+3).
 b - a +4 eveningstar of flaming
Missiles
 n - a boomerang of dispersal
 r - 24 boomerangs
 I - 12 javelins (quivered)
 N - 27 poisoned darts
Armour
 f - a +2 pair of boots (worn)
 D - +0 fire dragon scales (worn)
 E - the +10 tower shield of Ignorance (worn) {rN+ Int-4}
   (You bought it in a shop on level 5 of the Dungeon)

   Int:       It affects your intelligence (-4).
   rN:        It protects you from negative energy.
 V - a scarf of shadows (worn)
Jewellery
 k - a +4 ring of protection (left hand)
 p - a ring of resist corrosion
 q - a +4 ring of protection (right hand)
 A - the ring "Qeocw" {rPois rF++ rN+ Will+ Str-3}
   (You bought it in a shop on level 5 of the Dungeon)

   [ring of positive energy]

   Str:       It affects your strength (-3).
   rF:        It greatly protects you from fire.
   rPois:     It protects you from poison.
   rN:        It protects you from negative energy.
   Will:      It increases your willpower.
 B - an amulet of regeneration (around neck)
 M - an amulet of the acrobat
Wands
 g - a wand of digging (7)
 i - a wand of flame (51)
 C - a wand of mindburst (65)
 J - a wand of iceblast (10)
 S - a wand of paralysis (11)
Scrolls
 c - 6 scrolls of fog
 e - 2 scrolls of fear
 h - 9 scrolls of teleportation
 o - 3 scrolls of magic mapping
 u - a scroll of brand weapon {unknown}
 w - 2 scrolls of blinking
 y - 2 scrolls of enchant armour {unknown}
 z - 3 scrolls of vulnerability {unknown}
 F - 2 scrolls of noise {unknown}
 K - a scroll of immolation {unknown}
 L - 2 scrolls of enchant weapon {unknown}
 R - a scroll of amnesia
Potions
 j - a potion of mutation
 l - 4 potions of flight
 m - 11 potions of curing
 s - 3 potions of might
 t - 4 potions of haste
 v - 7 potions of heal wounds
 x - a potion of ambrosia
 G - a potion of lignification
 P - 2 potions of attraction
Miscellaneous
 T - a condenser vane
 U - a tin of tremorstones (2/2)


   Skills:
 + Level 11.4 Fighting
 + Level 9.8 Axes
 + Level 9.7 Throwing
 + Level 10.1 Armour
 + Level 10.3 Dodging
 - Level 4.5 Stealth
 + Level 6.6 Shields
 + Level 10.6 Evocations


You had 13 spell levels left.
You didn't know any spells.
Your spell library contained the following spells:

 Spells                   Type           Power      Damage    Failure   Level
 Animate Skeleton         Necr           0%         N/A       100%        1
 Magic Dart               Conj           0%         1d3       100%        1
 Pain                     Necr           0%         1d4       100%        1
 Call Imp                 Summ           0%         N/A       100%        2
 Ensorcelled Hibernation  Hex/Ice        0%         N/A       100%        2
 Inner Flame              Hex/Fire       0%         N/A       100%        3
 Mephitic Cloud           Conj/Pois/Air  0%         N/A       100%        3
 Spider Form              Tmut/Pois      0%         N/A       100%        3
 Vampiric Draining        Necr           0%         2d6       100%        3
 Airstrike                Air            0%         N/A       100%        4
 Cause Fear               Hex            0%         N/A       100%        4
 Petrify                  Tmut/Erth      0%         N/A       100%        4
 Summon Lightning Spire   Summ/Air       0%         N/A       100%        4
 Lightning Bolt           Conj/Air       0%         1d11      100%        5
 Metabolic Englaciation   Hex/Ice        0%         N/A       100%        5
 Statue Form              Tmut/Erth      0%         N/A       100%        6
 Dragon Form              Tmut           0%         N/A       100%        7
 Discord                  Hex            0%         N/A       100%        8
 Dragon's Call            Summ           0%         N/A       100%        9


Dungeon Overview and Level Annotations

Branches:
Dungeon (11/15)            Temple (1/1) D:4            Lair (6/6) D:9
 Shoals (0/4) Lair:3       Spider (0/4) Lair:2        Slime (0/5) Lair:5
    Orc (1/2) D:11          Sewer (visited)

Altars:
Ashenzari
Cheibriados
Dithmenos
Elyvilon
Fedhas
Gozag
Hepliaklqana
Kikubaaqudgha
Makhleb
Nemelex Xobeh
Okawaru
Qazlal
Ru
Sif Muna
Trog
Uskayaw
Vehumet
Wu Jian
Xom
Yredelemnul
Zin
The Shining One
Jiyva

Shops:
D:5 *[*(=   D:8 [   D:11 [

Annotations:
Orc:1 Fannar


Innate Abilities, Weirdness & Mutations

You have a pair of large horns on your head.
Your demonic aura sometimes causes spilled blood to erupt in flames.
You are partially covered in sharp spines.
Your magical and physical power is slightly enhanced at high health.
You have an extremely huge brain. (Int +4)


Message History

Unknown command.
You hit the orc warlord. Your headbutt misses the orc warlord.
The orc warlord is almost dead.
You barely miss the hellwing.
You hit the orc sorcerer but do no damage.
You slash Fannar! You hit the ice beast.
The orc warlord is engulfed in blazing flames.
You block the orc warlord's attack. You block the orc sorcerer's attack.
You block the hellwing's attack.
The hellwing hits you but does no damage.
Fannar is engulfed in blazing flames.
You block Fannar's attack. The ice beast is struck by your spines.
The ice beast hits you. The ice beast freezes you!
You feel a terrible chill! The orc warlord barely misses you.
Your shield and fire dragon scales prevent you from hitting the orc warlord.
Your headbutt misses the orc warlord.
The orc warlord is almost dead.
You slash the ice beast! You hit Fannar but do no damage.
You closely miss the orc sorcerer. You hit the hellwing but do no damage.
The orc sorcerer no longer looks unusually strong.
The orc sorcerer hits you but does no damage.
You block the hellwing's attack. The hellwing closely misses you.
You block Fannar's attack.
The ice beast hits you but does no damage.
The orc warlord roars a battlecry!
The orc sorcerer goes into a battle-frenzy!
The hellwing misses you. You block the hellwing's attack.
Fannar hits you with a staff of cold. The orc sorcerer casts a spell at you.
You suddenly lose the ability to move!
The ice beast hits you. The ice beast freezes you!
You feel a terrible chill!
* * * LOW HITPOINT WARNING * * *
The orc warlord hits you with a +0 battleaxe!!
* * * LOW HITPOINT WARNING * * *
The orc sorcerer hits you but does no damage.
The hellwing hits you but does no damage. x2
Fannar is engulfed in blazing flames.
Fannar hits you but does no damage. Fannar freezes you!!
You die...
Your body crumbles into a pile of gold.

......### ..
..#.....##.....#.
$
........#.......
..............$
#............. .
##$$$o........
..#..$$$$o☼.....
$
......$..e@4.....
......$..Yo...#..
.###..$$.$.......
#.....$$$.......
...............$
....#.......#...
$
...#...........#
#.###.....#... ##
##...##...


You could see an orc warlord, Fannar, a hellwing (summoned), 2 orc sorcerers and
an ice beast (summoned).

Vanquished Creatures
  Nessos (Lair:5)
  A fire dragon (Lair:6)
  4 hydras
  A catoblepas (Lair:3)
  6 two-headed ogres
  6 death yaks
  Urug (D:10)
  A deep elf pyromancer (D:10)
  A lindwurm (Lair:6)
  2 orc knights
  An orc sorcerer (Orc:1)
  32 elephants
  A centaur zombie (D:10)
  A merfolk siren (Lair:3)
  10 black mambas
  20 cane toads
  2 torpor snails
  2 molten gargoyles (Lair:6)
  8 rime drakes
  The ghost of Dittersdorf the Skirmisher, a novice GrFi of Okawaru (D:8)
  The ghost of AttackTheMoon the Sneak, a novice TeDe (D:5)
  25 komodo dragons
  4 trolls
  4 jumping spiders (Lair:2)
  4 polar bears
  Prince Ribbit (D:8)
  5 blink frogs
  A hornet (D:6)
  A slime creature (D:10)
  4 redbacks (Lair:2)
  3 shadows
  58 yaks
  3 wraiths
  7 wyverns
  A vampire (D:11)
  4 basilisks
  3 steam dragons
  2 acid dragons
  4 hell hounds (Lair:6)
  14 water moccasins
  12 orc warriors
  Purgy (Sewer)
  4 sky beasts
  4 black bears (Lair:2)
  7 ogres
  15 wolves
  4 centaurs
  A phantom (D:4)
  A kobold brigand (D:6)
  9 bullfrogs
  2 scorpions
  3 wyvern zombies
  A gnoll sergeant (D:11)
  21 killer bees
  11 wights
  2 howler monkeys
  5 lava snakes (Lair:6)
  A gnoll shaman (D:6)
  4 hounds
  7 jellies
  9 orc priests
  A bullfrog skeleton (D:4)
  4 iguanas
  11 orc wizards
  A killer bee zombie (D:8)
  A howler monkey zombie (D:5)
  8 gnolls
  2 howler monkey skeletons
  9 adders
  A white imp (D:7)
  An ufetubus (D:7)
  2 adder zombies (D:2)
  4 worms
  A dart slug (D:2)
  50 orcs
  A bat zombie (D:2)
  3 endoplasms
  5 giant cockroaches
  10 goblins
  8 hobgoblins
  8 quokkas
  8 ball pythons
  3 bats
  8 frilled lizards
  12 kobolds
  A quokka skeleton (D:2)
  10 rats
548 creatures vanquished.

Vanquished Creatures (others)
  25 fungi
  33 plants
  2 withered plants (D:2)
60 creatures vanquished.

Grand Total: 608 creatures vanquished

Notes
Turn   | Place    | Note
-------+----------+-------------------------------------------
     0 | D:5      | flotson the Demonspawn Delver began the quest for the Orb.
     0 | D:5      | Reached XP level 1. HP: 18/18 MP: 1/1
     1 | D:5      | Noticed a yak
     1 | D:5      | Noticed a yak
     2 | D:5      | Noticed a yak
     2 | D:5      | Noticed a yak
    65 | D:5      | Found Rydom's General Store.
   145 | D:4      | Noticed a phantom
   245 | D:3      | Gained mutation: You are partially covered in sharp spines.
                  | [demonic ancestry]
   245 | D:3      | Reached XP level 2. HP: 22/24 MP: 2/2
   301 | D:3      | Reached skill level 1 in Armour
   304 | D:3      | Found a glowing drain.
   332 | Sewer    | Entered a sewer
   354 | Sewer    | Reached XP level 3. HP: 16/29 MP: 3/3
   512 | Sewer    | Noticed Purgy
   523 | Sewer    | Killed Purgy
   524 | Sewer    | Reached skill level 4 in Fighting
   524 | Sewer    | Gained mutation: You have an unusually large brain. (Int
                  | +2) [demonic ancestry]
   524 | Sewer    | Reached XP level 4. HP: 21/37 MP: 4/4
   706 | Sewer    | Gained mutation: Your demonic aura sometimes causes spilled
                  | blood to erupt in flames. [demonic ancestry]
   706 | Sewer    | Reached XP level 5. HP: 38/42 MP: 5/5
  2015 | D:2      | Found a bloodstained altar of Trog.
  2121 | D:2      | Reached skill level 1 in Evocations
  3009 | D:4      | Killed a phantom
  3010 | D:4      | Reached skill level 1 in Throwing
  3010 | D:4      | Gained mutation: You have a pair of small horns on your
                  | head. [demonic ancestry]
  3010 | D:4      | Reached XP level 6. HP: 36/49 MP: 6/6
  3129 | D:4      | Found a bloodstained altar of Trog.
  3190 | D:4      | Noticed a steam dragon
  3448 | D:4      | Found a broken altar of Ashenzari.
  3504 | D:4      | You fall into a shaft and drop 3 floors!
  3535 | D:5      | Noticed a yak
  3535 | D:5      | Noticed a yak
  3535 | D:5      | Noticed a yak
  3535 | D:5      | Noticed a yak
  3535 | D:5      | Noticed a yak
  3535 | D:5      | Noticed a yak
  3535 | D:5      | Noticed a yak
  3536 | D:5      | Noticed a yak
  3538 | D:5      | Bought a slimy bronze ring for 115 gold pieces
  3538 | D:5      | Identified the ring "Qeocw" {rPois rF++ rN+ Will+ Str-3}
                  | (You bought it in a shop on level 5 of the Dungeon)
  3540 | D:5      | Bought a scroll labelled EFANIREOPI for 23 gold pieces
  3853 | D:4      | Gained mutation: You have a pair of horns on your head.
                  | [demonic ancestry]
  3853 | D:4      | Reached XP level 7. HP: 14/55 MP: 7/7
  4067 | D:4      | Found a staircase to the Ecumenical Temple.
  4083 | D:4      | Killed a steam dragon
  4094 | Temple   | Entered the Ecumenical Temple
  4656 | D:4      | Reached skill level 5 in Fighting
  4873 | D:5      | Found Moes's Armour Shop.
  5039 | D:4      | Killed a yak
  5238 | D:4      | Killed a yak
  5239 | D:4      | Reached XP level 8. HP: 11/62 MP: 8/8
  5626 | D:5      | Found Zoilokhu's Jewellery Emporium.
  5654 | D:5      | Found a transporter.
  5654 | D:5      | Noticed AttackTheMoon's ghost (novice TeDe)
  5671 | D:5      | Found a transporter.
  5740 | D:5      | Killed AttackTheMoon's ghost
  5928 | D:5      | Reached skill level 6 in Fighting
  5928 | D:5      | Reached skill level 5 in Dodging
  5928 | D:5      | Reached XP level 9. HP: 65/69 MP: 9/9
  5950 | D:5      | Reached skill level 5 in Armour
  6017 | D:5      | Found Tunozael's Antique Weapon Boutique.
  6430 | D:6      | Reached skill level 5 in Evocations
  6484 | D:6      | Noticed a two-headed ogre
  6494 | D:6      | Killed a two-headed ogre
  6495 | D:6      | Reached skill level 5 in Axes
  6546 | D:6      | Gained mutation: You have an extremely huge brain. (Int +4)
                  | [demonic ancestry]
  6546 | D:6      | Reached XP level 10. HP: 77/77 MP: 10/10
  6613 | D:6      | Reached skill level 7 in Fighting
  6917 | D:7      | Reached skill level 5 in Throwing
  7239 | D:7      | Found a sparkling altar of Nemelex Xobeh.
  7241 | D:7      | Found an opulent altar of Gozag.
  7251 | D:7      | Found a stormy altar of Qazlal.
  7259 | D:7      | You fall into a shaft and drop 2 floors!
  7490 | D:7      | Became a worshipper of Gozag Ym Sagoz the Greedy
  7958 | D:8      | Found Wixel's Antique Armour Shoppe.
  7997 | D:8      | Found a runed translucent gate.
  7997 | D:8      | Found a runed translucent gate.
  7997 | D:8      | Found a runed translucent gate.
  7998 | D:8      | Noticed Dittersdorf's ghost (novice GrFi)
  8411 | D:8      | Noticed Prince Ribbit
  8420 | D:8      | Gained mutation: You have a pair of large horns on your
                  | head. [demonic ancestry]
  8420 | D:8      | Reached XP level 11. HP: 84/86 MP: 11/11
  8442 | D:8      | Killed Prince Ribbit
  8792 | D:8      | Reached skill level 8 in Fighting
  8800 | D:8      | Killed Dittersdorf's ghost
  9220 | D:9      | Found a staircase to the Lair.
  9267 | D:9      | Found a hazy altar of Hepliaklqana.
  9653 | D:10     | Entered Level 10 of the Dungeon
  9712 | D:10     | Found a viscous altar of Jiyva.
  9865 | D:10     | Noticed a two-headed ogre
  9872 | D:10     | Killed a two-headed ogre
  9904 | D:10     | Noticed a deep elf pyromancer
  9915 | D:10     | Killed a deep elf pyromancer
  9930 | D:10     | Noticed a two-headed ogre
  9938 | D:10     | Killed a two-headed ogre
 10229 | D:10     | Noticed Urug
 10232 | D:10     | Killed Urug
 10278 | D:10     | Noticed a two-headed ogre
 10288 | D:10     | Killed a two-headed ogre
 10441 | D:5      | Bought the +10 tower shield of Ignorance {rN+ Int-4} for
                  | 687 gold pieces
 10441 | D:5      | Found the +10 tower shield of Ignorance {rN+ Int-4}
 10867 | Lair:1   | Entered Level 1 of the Lair of Beasts
 10947 | Lair:1   | Reached skill level 1 in Shields
 10947 | Lair:1   | Gained mutation: Your magical and physical power is
                  | slightly enhanced at high health. [demonic ancestry]
 10947 | Lair:1   | Reached XP level 12. HP: 78/94 MP: 12/12
 11041 | Lair:1   | Noticed a five-headed hydra
 11044 | Lair:1   | Reached skill level 9 in Fighting
 11054 | Lair:1   | Killed a three-headed hydra
 12011 | Lair:2   | Found a hole to the Spider Nest.
 12293 | D:5      | Bought a glowing eveningstar for 450 gold pieces
 13244 | Lair:3   | Noticed a death yak
 13245 | Lair:3   | Noticed a death yak
 13246 | Lair:3   | Noticed a death yak
 13246 | Lair:3   | Noticed a death yak
 13247 | Lair:3   | Noticed a death yak
 13254 | Lair:2   | Reached XP level 13. HP: 91/103 MP: 13/13
 13286 | Lair:3   | Found a basalt altar of Yredelemnul.
 13538 | Lair:3   | Reached skill level 10 in Fighting
 13643 | Lair:3   | Found a staircase to the Shoals.
 14534 | Lair:4   | Reached skill level 5 in Shields
 14688 | Lair:4   | Identified the ring "Coshyl" {*Slow rPois rF+ rN+}
 14911 | Lair:4   | Reached XP level 14. HP: 111/111 MP: 14/14
 15336 | Lair:5   | HP: 2/111 [komodo dragon (20)]
 16564 | Lair:5   | Identified 3 scrolls of acquirement
 16565 | Lair:5   | Acquired 503 gold pieces
 16566 | Lair:5   | Acquired the +10 broad axe "Xoucs" {vorpal, Dex+3}
 16579 | Lair:5   | Noticed Nessos
 16594 | Lair:5   | Killed Nessos
 16646 | Lair:5   | Reached skill level 10 in Evocations
 16841 | Lair:5   | Found a viscous altar of Jiyva.
 16842 | Lair:5   | Found a staircase to the Slime Pits.
 17028 | Lair:6   | Entered Level 6 of the Lair of Beasts
 17127 | Lair:6   | Reached skill level 11 in Fighting
 17417 | Lair:6   | Reached skill level 10 in Dodging
 17497 | Lair:6   | Found a large runed translucent door.
 17499 | Lair:6   | Found a large runed translucent door.
 17690 | Lair:6   | Identified the +0 scale mail of Parlour Games {rPois}
 17735 | Lair:6   | Acquired 1055 gold pieces
 18742 | D:11     | Reached skill level 10 in Armour
 19112 | D:11     | Found a staircase to the Orcish Mines.
 19131 | D:11     | Found Otyfybim's Armour Boutique.
 19156 | D:11     | Bought a scarf of shadows for 132 gold pieces
 19543 | Orc:1    | Entered Level 1 of the Orcish Mines
 19580 | Orc:1    | Noticed an orc warlord
 19585 | Orc:1    | Noticed Fannar
 19633 | Orc:1    | Paralysed by an orc sorcerer for 5 turns
 19634 | Orc:1    | HP: 2/109 [orc warlord (22)]
 19634 | Orc:1    | Demolished by Fannar

Illustrated notes

Levels and vault maps discovered:
D:1:      dpeg_arrival_ternary, layout_basic, minmay_distorted
D:2:      layout_loops_cross, serial_undead, serial_undead_e, serial_undead_e,
          serial_undead_e, serial_undead_d, serial_undead_f, basic_altar
D:3:      layout_rooms, gup_sewer_entry_pipe
D:4:      kb_forest_paths, layout_basic, mainiacjoe_overflow_24_doors,
          lemuel_doored_altar, minmay_temple_entry_large_hall
D:5:      layout_basic, serial_shops, shop,
          nicolae_shop_competitors_out_of_business, shop,
          nicolae_take_the_stairs, nicolae_shop_waterfront,
          gammafunk_ghost_arena, minmay_strange_pillars
D:6:      layout_gridville, chequers_arboretum
D:7:      layout_basic, nicolae_overflow_quartered_altars
D:8:      layout_basic, gammafunk_ghost_split, serial_shops, nicolae_shop_stone,
          uniq_prince_ribbit1
D:9:      layout_irregular_city, mainiacjoe_overflow_alcove_1,
          grunt_lair_entry_orc_guard_hut, kennysheep_generic_room_4
D:10:     layout_long_grid, abandoned_shop, st_stairs_12, jiyva_altar_1,
          uniq_urug
D:11:     layout_stronghold, orc_david_3
Temple:   regret_index_temple_generic_petals
Lair:1:   layout_gridlike
Lair:2:   layout_regular_city, nicolae_spider_entry_tight_spaces,
          gammafunk_lair_bear_cave, grunt_megastairs_4
Lair:3:   layout_cave_pods, minmay_shoals_entry_lonely_mermaid, basic_altar,
          beast_lair_carwin_10, serial_bayou_shore_b, lemuel_fruit_fields,
          grunt_megastairs_2, lemuel_fruit_fields
Lair:4:   layout_regular_city
Lair:5:   layout_gridlike, slime_altar_1, grunt_forest_small_clearings,
          uniq_nessos
Lair:6:   cheibrodos_lair_end_hotspot, layout_cave_pods
Orc:1:    layout_caves, uniq_fannar

Skill      XL: |  1  2  3  4  5  6  7  8  9 10 11 12 13 14 |
---------------+-------------------------------------------+-----
Dodging        | 2 3 4 5 6 7 8 9 10 | 10.3
Armour         | 1 2 3 4 5 6 7 8 9 10 | 10.1
Fighting       | 4 5 6 7 8 9 10 11 | 11.4
Evocations     | 1 2 3 4 5 6 7 8 9 10 | 10.6
Axes           | 2 3 4 5 6 7 8 9 |  9.8
Throwing       | 1 2 3 4 5 7 8 9 |  9.7
Shields        | 1 3 5 6 |  6.6
Stealth        | |  4.5

Action                   |  1- 3 |  4- 6 |  7- 9 | 10-12 | 13-15 || total
-------------------------+-------+-------+-------+-------+-------++-------
Melee: Hand axe          |    53 |    66 |       |       |       ||   119
       Dagger            |       |    51 |       |       |       ||    51
       War axe           |       |    26 |   115 |   449 |       ||   590
       Headbutt          |       |     3 |    25 |   108 |   116 ||   252
       Eveningstar       |       |       |       |    83 |   232 ||   315
       Broad axe         |       |       |       |       |   271 ||   271
Throw: Boomerang         |       |     5 |       |    13 |     1 ||    19
       Dart              |       |       |    17 |    15 |       ||    32
       Javelin           |       |       |       |     3 |    12 ||    15
Evoke: Wand              |       |       |     2 |     5 |       ||     7
  Use: Potion            |     2 |       |       |       |       ||     2
       Scroll            |     1 |     1 |       |    11 |     9 ||    22
 Stab: Sleeping          |     3 |    20 |     1 |     1 |     1 ||    26
       Distracted        |       |     1 |       |     6 |     4 ||    11
Armor: Leather armour    |     1 |       |       |       |       ||     1
       Ring mail         |    14 |    34 |    25 |       |       ||    73
       Fire dragon scale |       |       |    41 |   310 |   295 ||   646
Dodge: Dodged            |    39 |    58 |    68 |   231 |   179 ||   575
Block: Tower shield      |       |       |       |   378 |   791 ||  1169

Table legend: (Time is in decaauts)
 A = Elapsed time spent in this place.
 B = Non-inter-level travel time spent in this place.
 C = Inter-level travel time spent in this place.
 D = Time resting spent in this place.
 E = Time spent auto-exploring this place.
 F = Levels seen in this place.
 G = Mean time per level.
                   A        B        C        D        E       F      G
               +--------+--------+--------+--------+--------+-----+--------+
         Total |  20287 |  18359 |   1928 |    692 |  13219 |  20 | 1014.3 |
       Dungeon |  11401 |   9955 |   1446 |    591 |   6779 |  11 | 1036.5 |
        Temple |    369 |    333 |     36 |      0 |    326 |   1 |  369.0 |
          Lair |   7923 |   7478 |    445 |     99 |   5724 |   6 | 1320.5 |
  Orcish Mines |     92 |     92 |      0 |      0 |      0 |   1 |   92.0 |
         Sewer |    500 |    500 |      0 |      2 |    389 |   1 |  500.0 |
               +--------+--------+--------+--------+--------+-----+--------+

Top non-repeatable levels by time:
     D:4: 1749 daAuts
  Lair:4: 1747 daAuts
  Lair:6: 1645 daAuts
     D:5: 1396 daAuts
  Lair:3: 1290 daAuts
  Lair:2: 1236 daAuts
     D:8: 1197 daAuts
  Lair:1: 1067 daAuts
     D:9: 1041 daAuts
     D:2: 969 daAuts
  Lair:5: 934 daAuts
     D:7: 920 daAuts
     D:1: 916 daAuts
    D:10: 905 daAuts
    D:11: 858 daAuts
